Map: Blueshift LE

Players

Tesla (Rob)

  • Race: Protoss Protoss
  • League: Grandmaster
  • Spawn Location: 7:00

RuFF - Winner!

  • Race: Terran Terran
  • Spawn Location: 1:00

Event: Cheeseadelphia 8

VOD

Have the link to the VOD?

Description

Time

  • Played on: Dec. 8, 2018, 12:47 p.m.
  • Length: 8:26

All games in this series

Show
View Real Time Build Order
Export as new Build Order

Tesla Protoss 

Build Orders: 1 Gate Expand, Blink Stalkers 

Get SALT Encoding   

  12  0:00  Probe  
  13  0:13  Probe  
  14  0:17  Pylon  
  14  0:24  Probe  
  15  0:32  Probe  
  15  0:36  Gateway  
  15  0:40  Probe  
  16  0:49  Assimilator  
  17  0:51  Probe  
  18  1:03  Probe  
  19  1:15  Probe  
  20  1:30  Nexus  
  20  1:39  Probe, Cybernetics Core  
  21  1:42  Assimilator  
  21  1:52  Probe  
  22  1:55  Pylon  
  22  2:04  Probe  
  22  2:05  Stalker  
  23  2:14  Gateway x2  
  25  2:16  Probe, Warp Gate  
  25  2:23  Shield Battery  
  25  2:26  Stalker, Shield Battery  
  27  2:55  Twilight Council, Stalker  
  29  3:01  Stalker  
  31  3:15  Blink  
  31  3:18  Pylon  
  30  3:48  Probe  
  30  3:56  Nexus  
  30  4:01  Probe  
  31  4:13  Probe  
  32  4:19  Stalker x2  
  32  4:20  Stalker  
  38  4:25  Probe  
  38  4:30  Pylon  
  39  4:48  Probe  
  39  4:49  Stalker x2  
  39  5:00  Probe  
  33  5:19  Stalker  
  29  5:26  Probe x2  
  28  5:38  Probe x2  
  30  5:47  Probe  
  30  5:48  Stalker  
  32  5:52  Probe  
  34  6:03  Probe  
  35  6:09  Probe  
  36  6:15  Probe  
  33  6:21  Probe  
  34  6:25  Probe  
  34  6:30  Probe, Dark Shrine  
  35  6:33  Probe  
  35  6:38  Probe  
  37  6:41  Probe  
  39  6:49  Probe  
  39  6:53  Probe  
  41  7:01  Probe  
  42  7:04  Probe  
  43  7:12  Probe  
  43  7:13  Probe  
  44  7:20  Stalker x3, Probe  
  51  7:25  Probe  
  51  7:32  Probe  
  50  7:37  Probe  
  48  7:45  Dark Templar, Stalker  
  48  7:54  Probe x2  
  42  7:59  Stalker  
  29  8:11  Stalker  
Show
View Real Time Build Order
Export as new Build Order

RuFF Terran - Winner!

Build Orders:  

Get SALT Encoding   

  12  0:00  SCV  
  13  0:12  SCV  
  14  0:17  Supply Depot  
  14  0:24  SCV  
  15  0:30  Refinery  
  15  0:39  SCV  
  16  0:45  Barracks  
  16  0:51  SCV  
  17  1:03  SCV  
  18  1:09  Barracks  
  18  1:21  Engineering Bay  
  19  1:25  SCV  
  19  1:32  Refinery  
  19  1:36  Marine  
  20  1:45  SCV  
  21  1:57  Barracks Reactor x2  
  21  2:07  Orbital Command  
  21  2:19  Engineering Bay  
  21  2:25  Supply Depot  
  21  2:34  Reaper x2  
  23  2:42  Reaper  
  23  2:46  Reaper  
  23  2:49  Terran Infantry Weapons Level 1  
  24  2:53  SCV  
  25  3:05  SCV  
  26  3:06  Reaper x2  
  28  3:15  Reaper  
  28  3:17  SCV  
  31  3:20  Reaper  
  31  3:30  Supply Depot  
  31  3:47  Command Center  
  31  3:51  Reaper x3, SCV  
  35  4:00  Reaper  
  36  4:07  Bunker  
  36  4:09  Bunker, SCV  
  37  4:15  Supply Depot  
  37  4:21  SCV  
  37  4:23  Reaper  
  39  4:33  Barracks  
  39  4:37  Reaper, SCV  
  41  4:42  Reaper  
  41  4:43  Reaper  
  43  4:49  SCV  
  44  5:01  SCV  
  44  5:14  Reaper x2  
  41  5:22  Reaper x3  
  40  5:39  Orbital Command  
  40  5:41  Barracks  
  40  5:44  SCV  
  40  5:46  Refinery, Barracks  
  40  5:48  Refinery  
  41  5:53  Reaper x2  
  41  5:56  SCV  
  44  6:04  Reaper x2  
  46  6:08  SCV  
  45  6:18  Reaper  
  44  6:19  SCV  
  44  6:26  SCV  
  44  6:29  Reaper x2  
  44  6:31  SCV  
  48  6:36  Reaper x2  
  48  6:38  SCV  
  51  6:43  SCV  
  51  6:46  Reaper  
  52  6:50  Reaper, SCV  
  54  6:55  Barracks Tech Lab  
  54  6:57  SCV  
  55  7:02  Missile Turret, Supply Depot  
  55  7:03  SCV  
  56  7:20  Reaper x4  
  60  7:24  Missile Turret  
  60  7:27  Missile Turret, Reaper x2  
  60  7:28  SCV  
Tags
 
Add a new tag
Caveats
  • Supply blocks, unpowered buildings, or Contaminate may cause inaccurate times.
  • Supply counts are checked every 10 seconds.